 Dungeon Crawl Stone Soup version 0.22.1-2-g9c5b331383 (webtiles) character file.

12037 Ihlosi the Thaumaturge (level 12, -1/77 HPs)
             Began as a Kobold Ice Elementalist on Jan 5, 2019.
             Was an Elder of Sif Muna.
             Slain by a basilisk (8 damage)
             ... on level 2 of the Lair of Beasts.
             The game lasted 01:00:12 (21433 turns).

Ihlosi the Thaumaturge (Kobold Ice Elementalist)   Turns: 21433, Time: 01:00:13

Health: -1/77      AC:  4    Str:  5 (6)  XL:     12   Next: 15%
Magic:  15/25      EV:  3    Int: 15 (17) God:    Sif Muna [****..]
Gold:   634        SH:  0    Dex: 15 (17) Spells: 12/29 levels left

rFire    . . .     SeeInvis .   a - +0 rapier
rCold    . . .     Gourm    .   (shield restricted)
rNeg     + + +     Faith    .   A - +0 robe
rPois    ∞         Spirit   .   (no helmet)
rElec    .         Reflect  .   j - +0 cloak
rCorr    .         Harm     .   (no gloves)
MR       .....                  H - +0 pair of boots
Stlth    ++++......             y - amulet of the acrobat
HPRegen  0.22/turn              b - ring of wizardry
MPRegen  0.19/turn              G - ring of wizardry

@: petrified
A: small, carnivore, deterioration 1, dopey 1, robust 1
a: Divine Energy, Channel Magic, Forget Spell, Renounce Religion


You were on level 2 of the Lair of Beasts.
You worshipped Sif Muna.
Sif Muna was greatly pleased with you.
You were very full.

You visited 3 branches of the dungeon, and saw 13 of its levels.

You collected 634 gold pieces.

Inventory:

Hand Weapons
 a - a +0 rapier (weapon)
 z - the cursed +13 scythe of Curses {drain, *Curse}
   (You found it on level 5 of the Dungeon)

   A truly terrible weapon, it drains the life of those it strikes.
   It curses itself when equipped.
   It has a curse placed upon it.
Missiles
 r - 6 needles of frenzy
 v - 10 needles of confusion
Armour
 j - a +0 cloak (worn)
 p - a +0 buckler
 A - a +0 robe (worn)
 B - a +2 leather armour of cold resistance
 H - a +0 pair of boots (worn)
Magical Staves
 D - an uncursed staff of energy
Jewellery
 b - a ring of wizardry (left hand)
 s - an uncursed ring of protection from fire
 x - an uncursed ring of protection from fire
 y - an amulet of the acrobat (around neck)
 G - a ring of wizardry (right hand)
 I - an uncursed ring of wizardry
Wands
 g - a wand of polymorph (6)
 k - a wand of random effects (34)
 t - a wand of iceblast (5)
 w - a wand of disintegration (8)
Scrolls
 e - 2 scrolls of teleportation
 i - 2 scrolls of fog
 m - a scroll of blinking {unknown}
 n - 2 scrolls of identify
 q - 9 scrolls of remove curse
 u - a scroll of enchant armour {unknown}
 C - a scroll of amnesia
 F - a scroll of silence {unknown}
 K - a scroll of magic mapping
Potions
 d - 3 potions of flight
 f - 3 potions of heal wounds
 h - 3 potions of brilliance
 l - 2 potions of might
 o - a potion of cancellation
 J - a potion of lignification
Miscellaneous
 E - a fan of gales
Comestibles
 c - 21 rations


   Skills:
 - Level 6.0 Fighting
 - Level 6.0 Short Blades
 - Level 1.0 Armour
 - Level 6.0 Dodging
 + Level 8.6 Stealth
 * Level 4.1 Shields
 - Level 9.0 Spellcasting
 * Level 6.3 Conjurations
 - Level 9.0 Ice Magic
 + Level 5.9 Evocations


You had 12 spell levels left.
You knew the following spells:

 Your Spells              Type           Power        Failure   Level  Hunger
a - Freeze                Ice            ####         1%          1    None
b - Throw Icicle          Conj/Ice       ####....     1%          4    ###....
c - Summon Ice Beast      Ice/Summ       ###.....     4%          4    ###....
d - Poisonous Vapours     Pois/Air       #.....       4%          2    None
e - Mephitic Cloud        Conj/Pois/Air  ##......     4%          3    #......
f - Conjure Flame         Conj/Fire      ###.....     2%          3    #......

Your spell library contained the following spells:

 Spells                   Type           Power        Failure   Level  Hunger
 Throw Frost              Conj/Ice       ####..       1%          2    None
 Ozocubu's Armour         Chrm/Ice       ###.....     1%          3    #......
 Confusing Touch          Hex            #.....       3%          1    None
 Confuse                  Hex            #.......     9%          3    #......
 Gell's Gravitas          Tloc           #.........   9%          3    #......
 Metabolic Englaciation   Hex/Ice        ###.......   13%         5    #####..
 Petrify                  Tmut/Erth      #.......     26%         4    ###....
 Freezing Cloud           Conj/Ice/Air   ###.......   45%         6    ######.
 Yara's Violent Unravell  Hex/Tmut       #.........   56%         5    #####..
 Ring of Flames           Chrm/Fire      #.........   100%        7    #######


Dungeon Overview and Level Annotations

Branches:
Dungeon (10/15)            Temple (1/1) D:7            Lair (2/6) D:10
  Swamp: Lair:2-4    Shoals: Lair:2-4     Snake: Lair:2-4    Spider: Lair:2-4
    Orc: D:9-12

Altars:
Ashenzari
Cheibriados
Dithmenos
Elyvilon
Fedhas
Gozag
Hepliaklqana
Kikubaaqudgha
Makhleb
Nemelex Xobeh
Okawaru
Qazlal
Ru
Sif Muna
Trog
Uskayaw
Vehumet
Wu Jian
Xom
Yredelemnul
Zin
The Shining One

Annotations:
D:9 Catoblepas


Innate Abilities, Weirdness & Mutations

You are small and have problems with some larger weapons.
You are carnivorous and can eat meat at any time.
Your body sometimes deteriorates upon taking damage.
You are dopey. (Int -2)
You are robust. (+10% HP)


Message History

* * * LOW HITPOINT WARNING * * *
The spriggan hits you with a rapier!
* * * LOW HITPOINT WARNING * * *
The basilisk gazes at you. The spriggan hits you with a rapier!
* * * LOW HITPOINT WARNING * * *
The basilisk bites you!
* * * LOW HITPOINT WARNING * * *
The spriggan hits you with a rapier.
The basilisk bites you but does no damage.
The spriggan hits you with a rapier!
* * * LOW HITPOINT WARNING * * *
The basilisk gazes at you.
The spriggan hits you but does no damage.
The basilisk gazes at you. You resist with some effort.
The spriggan hits you with a rapier.
* * * LOW HITPOINT WARNING * * *
The basilisk bites you!
You die...

♣♣♣...♣♣♣♣ ♣♣ ♣♣♣♣....♣♣ ♣♣
♣♣♣.....♣♣♣ ♣♣. ♣....♣♣♣♣ ♣.♣
♣♣..♣♣♣ ♣♣♣. ♣..♣♣ ♣... ♣♣..♣♣♣♣
♣..♣♣ ♣♣....♣ ♣♣. ♣ ♣.@i♣♣♣ .
♣.l.♣ .♣ ....♣♣ ♣. ♣♣♣♣♣♣ . ###
..##### .Y....##
################.####### <.......
..........(.............
#P...............................


You could see a basilisk and a spriggan.

Vanquished Creatures
  2 two-headed ogres
  A moth of wrath (Lair:1)
  2 black mambas
  A spiny frog (Lair:1)
  A rime drake (Lair:2)
  A komodo dragon (Lair:1)
  Prince Ribbit (Lair:1)
  A wind drake (D:9)
  2 blink frogs (Lair:1)
  2 spriggans (Lair:2)
  4 hippogriffs
  5 yaks
  6 water moccasins
  4 porcupines
  An ice beast (D:5)
  6 sky beasts
  4 orc warriors
  A necrophage (D:6)
  6 ogres
  A phantom (D:6)
  5 centaurs
  6 crocodiles
  13 bullfrogs
  3 scorpions
  5 killer bees (D:7)
  3 wights (D:9)
  4 howler monkeys
  5 crimson imps
  2 bullfrog zombies
  7 hounds
  2 quasits
  3 jellies
  7 orc priests
  10 orc wizards
  A bullfrog skeleton (D:8)
  A centaur skeleton (D:6)
  6 worker ants
  2 hound zombies
  2 worker ant zombies
  13 adders
  2 shadow imps
  3 worms
  4 leopard geckos
  34 orcs
  7 bats
  5 giant cockroaches
  5 goblins
  13 hobgoblins
  4 jackals
  3 quokkas
  3 ball pythons
  5 frilled lizards
  7 kobolds
  A leopard gecko skeleton (D:4)
  9 rats
257 creatures vanquished.

Vanquished Creatures (collateral kills)
  An ice beast (D:6)
  An ogre (D:4)
  A scorpion (D:5)
3 creatures vanquished.

Vanquished Creatures (others)
  3 fungi (Lair:2)
  3 plants (Lair:2)
6 creatures vanquished.

Grand Total: 266 creatures vanquished

Notes
Turn   | Place    | Note
-------+----------+-------------------------------------------
     0 | D:1      | Ihlosi the Kobold Ice Elementalist began the quest for the
                  | Orb.
     0 | D:1      | Reached XP level 1. HP: 10/10 MP: 3/3
   349 | D:1      | Reached XP level 2. HP: 16/16 MP: 3/5
  1047 | D:1      | Reached XP level 3. HP: 20/20 MP: 4/6
  1736 | D:2      | Reached XP level 4. HP: 24/24 MP: 5/8
  1931 | D:2      | Found a sparkling altar of Nemelex Xobeh.
  2119 | D:2      | Reached skill level 1 in Fighting
  2217 | D:3      | Found a deep blue altar of Sif Muna.
  2220 | D:3      | Became a worshipper of Sif Muna the Loreminder
  2353 | D:4      | Found a stormy altar of Qazlal.
  2678 | D:4      | Noticed an ogre
  2895 | D:2      | Reached XP level 5. HP: 28/29 MP: 6/9
  3040 | D:2      | Reached skill level 1 in Armour
  3215 | D:3      | Learned a level 4 spell: Summon Ice Beast
  3220 | D:3      | Learned a level 4 spell: Throw Icicle
  3671 | D:3      | Noticed Sigmund
  4109 | D:4      | Reached XP level 6. HP: 28/34 MP: 5/11
  4862 | D:4      | Noticed an ogre
  4879 | D:5      | Entered Level 5 of the Dungeon
  5002 | D:5      | Reached * piety under Sif Muna
  5002 | D:5      | Reached skill level 1 in Evocations
  5002 | D:5      | Reached XP level 7. HP: 21/39 MP: 9/13
  5377 | D:5      | Found the cursed +13 scythe of Curses {drain, *Curse}
  5433 | D:5      | Reached skill level 5 in Ice Magic
  5482 | D:5      | Noticed a water moccasin
  5493 | D:5      | Killed a water moccasin
  5493 | D:5      | Reached skill level 1 in Shields
  5633 | D:6      | Reached skill level 5 in Spellcasting
  5633 | D:6      | Reached XP level 8. HP: 26/45 MP: 9/15
  5915 | D:4      | Found a stormy altar of Qazlal.
  6498 | D:6      | Reached ** piety under Sif Muna
  6954 | D:6      | Reached skill level 5 in Stealth
  7233 | D:7      | Reached XP level 9. HP: 49/50 MP: 11/18
  7396 | D:5      | Reached skill level 1 in Short Blades
  7824 | D:7      | Found a staircase to the Ecumenical Temple.
  7906 | D:7      | Gained mutation: You are dopey. (Int -2) [potion of
                  | mutation]
  7906 | D:7      | Gained mutation: Your body sometimes deteriorates upon
                  | taking damage. [potion of mutation]
  7906 | D:7      | Gained mutation: You are robust. (+10% HP) [potion of
                  | mutation]
  9419 | D:8      | Noticed Joseph
  9758 | D:8      | Found a snail-covered altar of Cheibriados.
  9775 | D:8      | Noticed a two-headed ogre
  9780 | D:8      | Killed a two-headed ogre
  9780 | D:8      | Reached XP level 10. HP: 54/61 MP: 20/20
 10312 | D:8      | Reached skill level 5 in Dodging
 10847 | D:9      | Reached *** piety under Sif Muna
 11086 | D:9      | Noticed a two-headed ogre
 12466 | D:9      | Noticed a catoblepas
 12553 | D:8      | Noticed Joseph
 12553 | D:8      | Joseph changed into Joseph the black mamba
 12558 | D:8      | Killed Joseph the black mamba
 13355 | D:7      | Reached XP level 11. HP: 39/68 MP: 17/23
 13385 | D:7      | Found a staircase to the Ecumenical Temple.
 13389 | D:7      | Reached skill level 5 in Short Blades
 13648 | Temple   | Entered the Ecumenical Temple
 14087 | D:3      | Noticed Sigmund
 14087 | D:3      | Sigmund changed into Sigmund the porcupine
 14090 | D:3      | Killed Sigmund the porcupine
 14477 | D:10     | Entered Level 10 of the Dungeon
 14996 | D:10     | Found a staircase to the Lair.
 15539 | D:10     | Noticed Maurice
 15898 | D:10     | Noticed Maurice
 15898 | D:10     | Maurice changed into Maurice the worm
 15900 | D:10     | Killed Maurice the worm
 16517 | D:9      | Killed a two-headed ogre
 16517 | D:9      | Reached **** piety under Sif Muna
 16517 | D:9      | Reached skill level 5 in Fighting
 17332 | Lair:1   | Entered Level 1 of the Lair of Beasts
 17340 | Lair:1   | Learned a level 2 spell: Poisonous Vapours
 17344 | Lair:1   | Learned a level 3 spell: Mephitic Cloud
 17348 | Lair:1   | Learned a level 3 spell: Conjure Flame
 17497 | Lair:1   | Reached skill level 5 in Evocations
 17670 | Lair:1   | Noticed Harold
 18259 | Lair:1   | Reached skill level 5 in Conjurations
 18308 | Lair:1   | Noticed Prince Ribbit
 18312 | Lair:1   | Noticed Harold
 18312 | Lair:1   | Harold changed into Harold the moth of wrath
 18319 | Lair:1   | Killed Harold the moth of wrath
 18686 | Lair:1   | Killed Prince Ribbit
 20658 | Lair:2   | Reached XP level 12. HP: 75/75 MP: 14/25
 21433 | Lair:2   | Slain by a basilisk

Skill      XL: |  1  2  3  4  5  6  7  8  9 10 11 12 |
---------------+-------------------------------------+-----
Stealth        | 3 4 5 6 7 8 |  8.6
Spellcasting   | 3 4 5 6 7 8 9 |  9.0
Fighting       | 1 2 3 4 5 6 |  6.0
Ice Magic      | 4 5 6 7 9 |  9.0
Armour         | 1 |  1.0
Dodging        | 3 4 5 6 |  6.0
Evocations     | 1 2 3 4 5 |  5.9
Shields        | 1 2 3 4 |  4.1
Conjurations   | 2 3 4 5 6 |  6.3
Short Blades   | 3 4 6 |  6.0

Action                   |  1- 3 |  4- 6 |  7- 9 | 10-12 || total
-------------------------+-------+-------+-------+-------++-------
Melee: Unarmed           |     8 |    22 |    13 |       ||    43
       Short sword       |       |       |    52 |    37 ||    89
       Rapier            |       |       |       |    22 ||    22
       Staff             |       |       |       |     5 ||     5
 Cast: Freeze            |    41 |   113 |   157 |   151 ||   462
       Throw Icicle      |       |       |     8 |   167 ||   175
       Summon Ice Beast  |       |       |     3 |     7 ||    10
       Poisonous Vapours |       |       |       |     4 ||     4
       Mephitic Cloud    |       |       |       |     2 ||     2
Evoke: Wand              |       |       |    37 |    41 ||    78
  Use: Scroll            |       |     3 |    15 |     5 ||    23
       Potion            |       |       |    11 |       ||    11
 Stab: Sleeping          |       |     2 |     7 |     5 ||    14
       Confused          |       |       |       |     1 ||     1
  Eat: Chunk             |    11 |    10 |    16 |    51 ||    88
Armor: Robe              |     4 |     9 |    27 |    22 ||    62
Dodge: Dodged            |    32 |    84 |   209 |   231 ||   556
